 Dungeon Crawl Stone Soup version 0.28.0-45-g0d030f2227 (webtiles) character file.

Game seed: 10286196915698975707

2482 protoss039 the Thaumaturge (level 9, -8/75 HPs)
             Began as a Green Draconian Conjurer on May 16, 2022.
             Was an Initiate of Vehumet.
             Mangled by a gargoyle
             ... wielding a +0 dire flail
              (28 damage)
             ... on level 7 of the Dungeon.
             The game lasted 00:14:36 (9257 turns).

protoss039 the Thaumaturge (DrCj)                   Turns: 9257, Time: 00:14:38

Health: -8/75      AC:  8    Str:  9    XL:     9   Next: 27%
Magic:  17/22      EV: 13    Int: 30    God:    Vehumet [......]
Gold:   378        SH:  0    Dex: 15    Spells: 24/27 levels left

rFire   . . .      SeeInvis .   x - +2 scythe (venom)
rCold   . . .      Faith    .   (shield currently unavailable)
rNeg    . . .      Spirit   .   (armour unavailable)
rPois   +          Reflect  .   (helmet restricted)
rElec   .          Harm     .   (no cloak)
rCorr   .          Rampage  .   m - +0 pair of gloves
Will    .....                   (no boots)
Stlth   ++........              (no amulet)
HPRegen 0.22/turn               f - +6 ring of intelligence
MPRegen 0.18/turn               u - +6 ring of dexterity

@: no status effects
A: breathe noxious fumes, AC +7, unfitting armour, poison resistance,
cold-blooded
a: Breathe Noxious Fumes, Renounce Religion


You were on level 7 of the Dungeon.
You worshipped Vehumet.
Vehumet was noncommittal.
You visited 2 branches of the dungeon, and saw 8 of its levels.

You collected 378 gold pieces.

Inventory:

Hand Weapons
 p - a +2 short sword of flaming
 x - a +2 scythe of venom (weapon)
Armour
 m - a +0 pair of gloves (worn)
Jewellery
 f - a +6 ring of intelligence (left hand)
 i - a ring of positive energy
 j - a ring of wizardry
 u - a +6 ring of dexterity (right hand)
Wands
 o - a wand of polymorph (16)
 s - a wand of flame (23)
 y - a wand of charming (9)
Scrolls
 c - 3 scrolls of fear
 d - a scroll of noise {unknown}
 g - 2 scrolls of teleportation
 h - 2 scrolls of immolation
 n - 2 scrolls of amnesia
 q - a scroll of magic mapping {unknown}
 r - a scroll of identify
 v - a scroll of silence {unknown}
 w - a scroll of enchant armour {unknown}
 B - a scroll of fog {unknown}
Potions
 a - 2 potions of degeneration {unknown}
 b - 5 potions of curing
 e - 2 potions of invisibility {unknown}
 k - a potion of mutation {unknown}
 l - a potion of resistance
 t - a potion of magic {unknown}
 z - a potion of brilliance {unknown}
 A - a potion of heal wounds {unknown}


   Skills:
 - Level 6.0 Fighting
 - Level 3.0 Dodging
 - Level 3.0 Stealth
 + Level 9.9 Spellcasting
 - Level 4.1 Conjurations


You had 24 spell levels left.
You knew the following spells:

 Your Spells              Type           Power      Damage    Failure   Level
a - Magic Dart            Conj           100%       1d8       1%          1
b - Searing Ray           Conj           78%        2d7       1%          2

Your spell library contained the following spells:

 Spells                   Type           Power      Damage    Failure   Level
 Dazzling Flash           Conj/Hex       54%        N/A       4%          3
 Blink                    Tloc           28%        N/A       5%          2
 Lesser Beckoning         Tloc           14%        N/A       11%         3
 Fulminant Prism          Conj/Hex       13%        3d9       16%         4
 Iskenderun's Mystic Bla  Conj/Tloc      27%        2d7       16%         4
 Leda's Liquefaction      Hex/Erth       7%         N/A       34%         4
 Passage of Golubria      Tloc           14%        N/A       34%         4
 Borgnjor's Vile Clutch   Necr/Erth      7%         N/A       69%         5
 Manifold Assault         Tloc           14%        N/A       69%         5
 Malign Gateway           Summ/Tloc      7%         N/A       100%        7


Dungeon Overview and Level Annotations

Branches:
Dungeon (7/15)             Temple (1/1) D:6

Altars:
Ashenzari
Cheibriados
Dithmenos
Elyvilon
Fedhas
Gozag
Kikubaaqudgha
Makhleb
Okawaru
Qazlal
Ru
Sif Muna
Trog
Vehumet
Wu Jian
Xom
Yredelemnul
Zin
The Shining One


Innate Abilities, Weirdness & Mutations

You can breathe blasts of noxious fumes.
Your lurid green scales are hard. (AC +7)
You cannot fit into any form of body armour.
Your system is resistant to poisons. (rPois)
You are cold-blooded and may be slowed by cold attacks.


Message History

Confirm with . or Enter, or press ? or * to list all spells.
Aiming: Magic Dart (safe; 1% risk of failure)
Press: ? - help, Shift-Dir - straight line, f/p - gargoyle
Aim: a gargoyle, wielding a +0 dire flail (heavily damaged, 100% to hit)
The magic dart hits the gargoyle but does no damage.
The gargoyle is heavily damaged.
Unknown command.
There is an open door here.
The gargoyle hurls a stone arrow at you.
The stone arrow hits you!!
* * * LOW HITPOINT WARNING * * *
Unknown command.
Press: ? - help, v - describe, . - travel
Here: a gargoyle, wielding a +0 dire flail (heavily damaged)
The floor.
Okay, then.
Okay, then.
Okay, then.
Aiming: Charm
Press: ? - help, Shift-Dir - straight line, f/p - gargoyle
Aim: a gargoyle, wielding a +0 dire flail (heavily damaged, chance to affect: 31%)
The gargoyle easily resists.
Unknown command.
Aiming: Charm
Press: ? - help, Shift-Dir - straight line, f/p - gargoyle
Aim: a gargoyle, wielding a +0 dire flail (heavily damaged, chance to affect: 31%)
The gargoyle easily resists.
The gargoyle hurls a stone arrow at you.
The stone arrow misses you.
Aiming: Charm
Press: ? - help, Shift-Dir - straight line, f/p - gargoyle
Aim: a gargoyle, wielding a +0 dire flail (heavily damaged, chance to affect: 31%)
The gargoyle easily resists.
The gargoyle barely misses you.
Unknown command.
Aiming: Charm
Press: ? - help, Shift-Dir - straight line, f/p - gargoyle
Aim: a gargoyle, wielding a +0 dire flail (heavily damaged, chance to affect: 31%)
The gargoyle easily resists.
The gargoyle hits you with a +0 dire flail!!
You die...

### #.#####..######.# ##.##
#.### #..# #.#
##...#########.#.###..######.#
#......).....................#
##...#########.....#..##.....##
##.## #....##..#.......# #.#
#.#.###..#.......# #.#
#.......[........# #.#
###@########...### #.### ##9##
#...# #...# ##...## ##.##
###(## ##.....## #[# #..##
##.......## ##.##
#####...####.....<...####...##
.).)...........###...'.......##
#####...##...###.#...####.)...#
#..........###...##.## #..##.#


You could see a gargoyle.

Vanquished Creatures
  Sigmund (D:5)
  A water moccasin (D:7)
  An orc warrior (D:7)
  A sky beast (D:6)
  A necrophage (D:6)
  5 ogres
  3 centaurs
  A phantom (D:4)
  2 bullfrogs (D:7)
  2 scorpions
  A water moccasin zombie (D:5)
  4 wights (D:6)
  2 howler monkeys (D:7)
  An orc priest (D:6)
  4 jellies
  4 hounds
  3 orc wizards
  3 iguanas (D:5)
  A killer bee zombie (D:5)
  A hound zombie (D:5)
  3 adders
  10 gnolls
  A white imp (D:6)
  An ufetubus (D:5)
  2 worms (D:3)
  2 dart slugs
  15 orcs
  13 endoplasms
  3 giant cockroaches
  4 goblins
  10 hobgoblins
  2 kobolds
  6 quokkas
  11 ball pythons
  7 bats
  A frilled lizard (D:1)
  3 rats
136 creatures vanquished.

Notes
Turn   | Place    | Note
-------+----------+-------------------------------------------
     0 | D:1      | protoss039 the Draconian Conjurer began the quest for the
                  | Orb.
     0 | D:1      | Reached XP level 1. HP: 14/14 MP: 3/3
   549 | D:1      | Found a faded altar of an unknown god.
   587 | D:1      | Reached XP level 2. HP: 20/20 MP: 0/5
  1569 | D:2      | Reached XP level 3. HP: 13/27 MP: 4/6
  2028 | D:2      | Reached skill level 1 in Fighting
  2028 | D:2      | Reached XP level 4. HP: 35/35 MP: 0/7
  2031 | D:2      | Learned a level 2 spell: Searing Ray
  3562 | D:3      | Reached XP level 5. HP: 36/41 MP: 4/9
  4476 | D:4      | Reached skill level 3 in Spellcasting
  4649 | D:4      | Noticed an ogre
  4710 | D:4      | Killed an ogre
  4711 | D:4      | Reached XP level 6. HP: 52/52 MP: 3/11
  5301 | D:5      | Entered Level 5 of the Dungeon
  5392 | D:5      | Reached skill level 5 in Fighting
  5489 | D:5      | Noticed Sigmund
  5567 | D:5      | Reached skill level 4 in Spellcasting
  5567 | D:5      | Your scales start taking on a lurid green colour.
  5567 | D:5      | Reached XP level 7. HP: 61/61 MP: 3/13
  5567 | D:5      | Gained mutation: Your system is resistant to poisons.
                  | (rPois) [Green Draconian growth]
  6271 | D:5      | Reached skill level 5 in Spellcasting
  6623 | D:5      | Reached skill level 6 in Spellcasting
  6623 | D:5      | Reached XP level 8. HP: 57/70 MP: 9/17
  6637 | D:5      | Got the Volume of Ashen Orientation
  6881 | D:5      | Killed Sigmund
  6882 | D:5      | Reached skill level 7 in Spellcasting
  7309 | D:6      | Reached skill level 8 in Spellcasting
  7467 | D:6      | Found a staircase to the Ecumenical Temple.
  7557 | Temple   | Entered the Ecumenical Temple
  7770 | Temple   | Became a worshipper of Vehumet
  8702 | D:7      | Reached skill level 9 in Spellcasting
  8702 | D:7      | Reached XP level 9. HP: 56/75 MP: 17/22
  9241 | D:7      | Noticed a gargoyle
  9257 | D:7      | Mangled by a gargoyle

Illustrated notes

Levels and vault maps discovered:
D:1:      sevenhm_arrival_forest_fort_small_4, layout_loops_cross,
          dreamdust_ecumenical_altar_angels_and_demons
D:2:      layout_basic, minmay_misc_feat_encased, glass_columns_b
D:3:      minmay_spotlight, layout_loops_ring
D:4:      layout_cave_pools
D:5:      minmay_octagon_keep, layout_cave_pools, uniq_sigmund
D:6:      layout_loops_corners, minmay_temple_entry_metal_lava
D:7:      minmay_slanted_spiral_squares, layout_loops_corners, minivault_26,
          minmay_starry_boxes
Temple:   mainiacjoe_temple_bowtie_tessellation

Skill      XL: |  1  2  3  4  5  6  7  8 |
---------------+-------------------------+-----
Dodging        | 2 3 |  3.0
Stealth        | 2 3 |  3.0
Fighting       | 1 3 5 6 |  6.0
Spellcasting   | 3 4 6 9 |  9.9
Conjurations   | |  4.1

Action                   |  1- 3 |  4- 6 |  7- 9 || total
-------------------------+-------+-------+-------++-------
Melee: Unarmed           |    11 |       |       ||    11
       Dagger            |    47 |       |       ||    47
       Tailslap          |     7 |    10 |    10 ||    27
       Punch             |     1 |       |       ||     1
       Short sword       |       |   105 |    13 ||   118
       Scythe            |       |       |    60 ||    60
 Cast: Magic Dart        |    37 |    29 |    16 ||    82
       Searing Ray       |       |    18 |    31 ||    49
 Abil: Breathe Noxious F |       |       |     3 ||     3
Evoke: Wand              |       |       |     7 ||     7
  Use: Scroll            |       |     2 |     3 ||     5
 Stab: Sleeping          |     3 |     7 |     1 ||    11
Armor: Skin              |    26 |    59 |    37 ||   122
Dodge: Dodged            |    54 |   108 |    97 ||   259
